cohdb
Replays
Latest Replays
All Replays
Popular Replays
Top Player Replays
Match Explorer
How It Works
Community
CoH3 Stats
Reddit
Sign in to upload your games and track your stats! →
Sign in with Steam
Match 42870058
Unlisted
Match 42870058
Overview
Messages
Build Orders
End
Construct Infanterie Kompanie
Grenadier Squad
Grenadier Squad
MG 42 Machine Gun Team
Construct Luftwaffe Kompanie
GrW 34 Mortar Team
Flak 30 Anti-aircraft Gun Team
Selects Breakthrough Battlegroup
Selects Rapid Production
Support Elements
Wirbelwind Flakpanzer
Medical Station
Jäger Squad
Marder III M Tank Destroyer
Selects Blitzkrieg
Jäger Squad
MG 42 Machine Gun Team
Wirbelwind Flakpanzer
Pioneer Squad
Jäger Squad
Construct Panzer Kompanie
MG 42 Machine Gun Team
Panzer IV Medium Tank
ION
Felipe
Gengeta
Ozylor
DeadPhoenix
Zleg
Funk
combat_carl
0
0
Comments
sign in to comment!
No comments posted yet!